[Event "Titled Tuesday Blitz January 17 Late 2023"]
[White "Khripachenko, Alexander"]
[Black "Baskakov, Egor"]
[WhiteFideId "54184975"]
[BlackFideId "24197866"]
[WhiteElo "2110"]
[BlackElo "2215"]
[Result "0-1"]
[Round "08"]
[TimeControl "180+2"]
[Date "2023.01.17"]
[WhiteClock "0:00:02"]
[BlackClock "0:00:10"]

1. e4 c5 2. Nf3 Nf6 3. Nc3 d5 4. Bb5+ Bd7 5. e5 Bxb5 6. Nxb5 Qd7 7. Qe2 a6 8. Nc3 d4 9. exf6 dxc3 10. fxg7 cxd2+ 11. Bxd2 Bxg7 12. O-O-O Qa4 13. Kb1 Nc6 14. Rhe1 O-O-O 15. Bc1 h6 16. c3 e6 17. Be3 Qe4+ 18. Qc2 Qg4 19. Qe2 c4 20. Bb6 Qf5+ 21. Ka1 Rd3 22. Rxd3 cxd3 23. Qe3 e5 24. Nd2 Qg6 25. Ne4 f5 26. Nc5 e4 27. f3 Re8 28. fxe4 fxe4 29. Qf4 Ne5 30. Ba7 Nc6 31. Bb6 Ne5 32. Ba7 b6 33. Nxe4 Kb7 34. Bxb6 Qxb6 35. Nd2 Re7 36. Nb3 Ka7 37. Nd4 Rb7 38. b3 Nc6 39. Rd1 Nxd4 40. cxd4 Bxd4+ 41. Kb1 Qc5 42. Rxd3 Bg7 43. Qd2 Rc7 44. Qe3 Kb6 45. Qxc5+ Rxc5 46. Rg3 Be5 47. Rg6+ Rc6 48. Rxc6+ Kxc6 49. h3 Kd5 50. Kc2 Ke4 51. Kd2 Kf4 52. Ke2 Kg3 53. Kf1 Bd4 54. b4 Bc3 55. a3 Bd4 56. a4 h5 57. b5 axb5 58. axb5 Bb6 59. h4 Ba7 60. Ke2 Kxg2 61. Kd3 Kg3 62. b6 Bxb6 0-1


[Site "https://www.chess.com"]

[Event "Titled Tuesday Blitz January 17 Late 2023"]
[White "Arenas, David"]
[Black "Mikaelyan, Arman"]
[WhiteFideId "4403177"]
[BlackFideId "13304852"]
[WhiteElo "2426"]
[BlackElo "2523"]
[Result "1/2-1/2"]
[Round "08"]
[TimeControl "180+2"]
[Date "2023.01.17"]
[WhiteClock "0:00:38"]
[BlackClock "0:00:02"]

1. e4 c5 2. Nf3 Nc6 3. Nc3 g6 4. d4 cxd4 5. Nxd4 Bg7 6. Nb3 Nf6 7. Bc4 O-O 8. O-O a6 9. Re1 d6 10. Bg5 b5 11. Bf1 Bb7 12. a4 b4 13. Nd5 Nd7 14. Qc1 Rc8 15. a5 Re8 16. Ra4 Nc5 17. Nxc5 dxc5 18. Rd1 Nd4 19. c3 Bc6 20. Ra2 Bxd5 21. exd5 Qxd5 22. Ra1 e5 23. cxd4 cxd4 24. Qd2 b3 25. Rac1 Qe6 26. Bh6 Bxh6 27. Qxh6 Rxc1 28. Rxc1 Rc8 29. Rxc8+ Qxc8 30. Bd3 Qc5 31. Qd2 f5 32. f3 Qd6 33. Bc4+ Kg7 34. Bxb3 e4 35. fxe4 fxe4 36. Bc4 Qc5 37. b3 d3+ 38. Kf1 Qd4 39. Qb4 Qa1+ 40. Kf2 Qd4+ 41. Kf1 Qf6+ 42. Ke1 Qa1+ 43. Kf2 Qd4+ 44. Kf1 1/2-1/2


[Site "https://www.chess.com"]

[Event "Titled Tuesday Blitz January 17 Late 2023"]
[White "Rojas Salas, Steven"]
[Black "Fernandez Guillen, Ernesto J."]
[WhiteFideId "3819434"]
[BlackFideId "3512428"]
[WhiteElo "2217"]
[BlackElo "2477"]
[Result "0-1"]
[Round "08"]
[TimeControl "180+2"]
[Date "2023.01.17"]
[WhiteClock "0:00:08"]
[BlackClock "0:00:14"]

1. d4 Nf6 2. c4 g6 3. Nc3 d6 4. e4 Bg7 5. Nf3 O-O 6. Be2 e5 7. Be3 Nc6 8. O-O h6 9. d5 Ne7 10. Nd2 Ne8 11. f3 f5 12. c5 f4 13. Bf2 Rf7 14. Nc4 Bf8 15. Rc1 g5 16. Nb5 b6 17. cxd6 cxd6 18. Nbxd6 Nxd6 19. Nxe5 Bg7 20. Bd4 Rf8 21. Nc4 Nf7 22. Bxg7 Kxg7 23. Qd4+ Kg8 24. Qf6 Kh7 25. e5 Ng6 26. Qxd8 Rxd8 27. e6 Nfe5 28. Nxe5 Nxe5 29. Rc7+ Kg6 30. Rfc1 Kf6 31. Rh7 Rxd5 32. Rxh6+ Ng6 33. e7 Bf5 34. Rc6+ Kg7 35. Rh5 Bd7 36. Rc7 Re8 37. h4 Rxe7 38. Bc4 Rd1+ 39. Kh2 gxh4 40. Bd5 h3 41. Be4 hxg2 42. Kxg2 Bh3+ 43. Kxh3 Rxc7 44. Rg5 Rd6 45. Kg4 Rf7 46. Kh5 Rff6 47. a4 Kf7 48. a5 Ne7 49. a6 b5 50. Rxb5 Rxa6 51. Rb8 Rab6 52. Ra8 Rxb2 53. Kg5 Rb5+ 54. Kg4 Ra5 55. Rh8 Ke6 56. Rd8 Ke5 57. Bc2 Nd5 58. Re8+ Kd4 59. Re4+ Kc3 60. Bd1 Ne3+ 61. Kh4 Nxd1 62. Re8 Ne3 63. Rc8+ Kd2 64. Rb8 Ke2 65. Rb2+ Kxf3 66. Rf2+ Kxf2 67. Kh3 Rh5# 0-1


[Site "https://www.chess.com"]

[Event "Titled Tuesday Blitz January 17 Late 2023"]
[White "Reprintsev, Alexander"]
[Black "Tanenbaum, Zachary"]
[WhiteFideId "14100541"]
[BlackFideId "2060850"]
[WhiteElo "2253"]
[BlackElo "2261"]
[Result "0-1"]
[Round "08"]
[TimeControl "180+2"]
[Date "2023.01.17"]
[WhiteClock "0:01:10"]
[BlackClock "0:00:30"]

1. e4 e5 2. Nf3 Nc6 3. Bc4 Nf6 4. Ng5 d5 5. exd5 Na5 6. Bb5+ c6 7. dxc6 bxc6 8. Bd3 Nd5 9. h4 h6 10. Qh5 Qf6 11. Nh7 Rxh7 12. Bxh7 g6 13. Qe2 Nf4 14. Qf3 Bb7 15. Nc3 Qg7 16. d4 Ne6 17. dxe5 O-O-O 18. Be3 Nc4 19. Bxa7 c5 20. Qe2 Nxe5 21. Rd1 Nd4 22. Rxd4 cxd4 23. Nb5 Bxg2 24. Bxd4 Nf3+ 25. Qxf3 Bxf3 26. Bxg7 Rd1# 0-1


[Site "https://www.chess.com"]

[Event "Titled Tuesday Blitz January 17 Late 2023"]
[White "Naroditsky, Daniel"]
[Black "Sielecki, Christof"]
[WhiteFideId "2026961"]
[BlackFideId "4620437"]
[WhiteElo "2618"]
[BlackElo "2419"]
[Result "1-0"]
[Round "08"]
[TimeControl "180+2"]
[Date "2023.01.17"]
[WhiteClock "0:00:25"]
[BlackClock "0:00:15"]

1. e4 c5 2. Nf3 a6 3. c3 d5 4. exd5 Qxd5 5. d4 e6 6. Be3 Nd7 7. Bd3 Ngf6 8. O-O Be7 9. Nbd2 O-O 10. a4 b6 11. Qe2 Bb7 12. h3 cxd4 13. Bxd4 Bc5 14. Bc4 Qc6 15. Nb3 Bd6 16. Rfd1 Rfe8 17. Qf1 Qc7 18. Be2 e5 19. Be3 Nd5 20. Bc4 N7f6 21. Bg5 h6 22. Bh4 Nf4 23. Ne1 Qc6 24. Kh2 Ne4 25. f3 Ng5 26. Bg3 Nh5 27. Bd5 Nxg3 28. Kxg3 e4+ 29. f4 Qxd5 30. Rxd5 Bxd5 31. Rd1 Bxb3 32. Rxd6 Nh7 33. Rxb6 Bxa4 34. Rxa6 Rxa6 35. Qxa6 Bd1 36. Qd6 Bh5 37. Kh2 Nf6 38. g4 Bg6 39. f5 Bh7 40. c4 e3 41. c5 e2 42. c6 1-0


[Site "https://www.chess.com"]

[Event "Titled Tuesday Blitz January 17 Late 2023"]
[White "Kamsky, Gata"]
[Black "Djordjevic, Vuk"]
[WhiteFideId "2000024"]
[BlackFideId "902098"]
[WhiteElo "2665"]
[BlackElo "2375"]
[Result "1-0"]
[Round "08"]
[TimeControl "180+2"]
[Date "2023.01.17"]
[WhiteClock "0:00:19"]
[BlackClock "0:00:03"]

1. e4 d5 2. exd5 Qxd5 3. Nc3 Qd6 4. d4 Nf6 5. Nf3 c6 6. h3 g6 7. Bc4 Be6 8. Bb3 Bg7 9. O-O O-O 10. Re1 Bxb3 11. axb3 Nbd7 12. Qe2 Rfe8 13. Bg5 Nb6 14. Bh4 a6 15. Bg3 Qd7 16. Rad1 Rad8 17. Ne5 Qf5 18. Rd3 Nbd5 19. Rf3 Qh5 20. Ne4 Nxe4 21. Qxe4 Nf6 22. Qe3 Rf8 23. c3 Nd5 24. Qe2 Nf6 25. Nd3 Rfe8 26. Nc5 b6 27. Nxa6 Rd7 28. Nb4 Rc8 29. Nd3 Rb7 30. b4 Qd5 31. Re3 e6 32. Be5 Qd8 33. Rf3 Nd7 34. Bxg7 Kxg7 35. Qe4 Kg8 36. h4 Nf6 37. Qf4 Nd5 38. Qg3 h5 39. Re5 Kh7 40. Qh3 Qg8 41. g4 hxg4 42. Qxg4 Qg7 43. h5 Nf6 44. hxg6+ fxg6 45. Qxe6 Rf8 46. Nf4 Rbf7 47. Nh3 Kg8 48. Ng5 b5 49. Nxf7 Rxf7 50. Qxc6 Kh7 51. Qe6 Rf8 52. Rxb5 Kh8 53. Rg5 Qh6 54. Rgg3 Kg7 55. Qe5 Rf7 56. Kg2 Qh5 57. Qxh5 Nxh5 58. Rxf7+ 1-0


[Site "https://www.chess.com"]

[Event "Titled Tuesday Blitz January 17 Late 2023"]
[White "Wieczorek, Oskar"]
[Black "Svane, Frederik"]
[WhiteFideId "1133950"]
[BlackFideId "12923044"]
[WhiteElo "2512"]
[BlackElo "2600"]
[Result "0-1"]
[Round "08"]
[TimeControl "180+2"]
[Date "2023.01.17"]
[WhiteClock "0:01:30"]
[BlackClock "0:02:23"]

1. e4 c5 2. Nf3 e6 3. g3 Nc6 4. Bg2 Nf6 5. Nc3 d5 6. exd5 exd5 7. d4 cxd4 8. Nxd4 Bg4 9. Qd3 Bc5 10. Be3 Qb6 11. Nxc6 Bxe3 12. Qxe3+ Qxe3+ 13. fxe3 bxc6 14. e4 O-O-O 15. exd5 cxd5 16. Nb5 Rhe8+ 17. Kf1 0-1


[Site "https://www.chess.com"]

[Event "Titled Tuesday Blitz January 17 Late 2023"]
[White "Vlassov, Nikolai"]
[Black "Remizov, Yaroslav"]
[WhiteFideId "4103360"]
[BlackFideId "34134015"]
[WhiteElo "2283"]
[BlackElo "2421"]
[Result "0-1"]
[Round "08"]
[TimeControl "180+2"]
[Date "2023.01.17"]
[WhiteClock "0:00:06"]
[BlackClock "0:00:33"]

1. e4 c6 2. d4 d5 3. e5 c5 4. dxc5 e6 5. Nf3 Bxc5 6. a3 f6 7. Bd3 Nd7 8. b4 Be7 9. Bb2 a5 10. b5 Nh6 11. O-O Nf7 12. exf6 Bxf6 13. Bxf6 Qxf6 14. Nbd2 e5 15. Re1 O-O 16. c4 e4 17. Nxe4 dxe4 18. Bxe4 Nc5 19. Bd5 Bg4 20. Re3 Rfe8 21. Qd4 Rxe3 22. Qxf6 gxf6 23. fxe3 Bxf3 24. gxf3 Kf8 25. Kf2 Rc8 26. Rg1 b6 27. Rg4 Nd3+ 28. Ke2 Nde5 29. Rh4 Kg7 30. Rd4 Rc7 31. f4 Nd7 32. Kd3 Nc5+ 33. Kc3 f5 34. Bxf7 Kxf7 35. Rd5 Ke6 36. Kd4 Ne4 37. Re5+ Kf6 38. Rd5 h5 39. h4 a4 40. Rd8 Ke6 41. Re8+ Kf7 42. Rd8 Nd2 43. Rd6 Nxc4 44. Rh6 Nxa3 45. Rh7+ Kg6 46. Rxc7 Nxb5+ 0-1


[Site "https://www.chess.com"]

[Event "Titled Tuesday Blitz January 17 Late 2023"]
[White "Holt, Conrad"]
[Black "Injac, Teodora"]
[WhiteFideId "2034387"]
[BlackFideId "932400"]
[WhiteElo "2540"]
[BlackElo "2391"]
[Result "0-1"]
[Round "08"]
[TimeControl "180+2"]
[Date "2023.01.17"]
[WhiteClock "0:00:12"]
[BlackClock "0:00:14"]

1. d4 Nf6 2. c3 g6 3. Bf4 Bg7 4. e3 d6 5. Nd2 Nbd7 6. h3 e5 7. Bh2 O-O 8. Ngf3 Qe7 9. Qc2 Re8 10. Be2 e4 11. Nh4 Nd5 12. g3 f5 13. Ng2 N7f6 14. a3 c5 15. c4 cxd4 16. cxd5 d3 17. Bxd3 exd3 18. Qxd3 Bd7 19. O-O Rac8 20. Qb3 b5 21. Nf4 g5 22. Ne2 Qf7 23. Nf3 h6 24. Rad1 Rc5 25. Nc3 Ne4 26. Ne2 a5 27. Ne1 a4 28. Qa2 Bc8 29. Nd3 Rc2 30. Rfe1 Bb7 31. Nb4 Rxb2 32. Qa1 Rxb4 33. Qc1 Rc4 34. Qb1 Nc3 35. Nxc3 Bxc3 36. Qxb5 Rc5 37. Qxa4 Bxe1 38. Rxe1 Ra8 39. Qb4 Qxd5 40. e4 fxe4 41. Re3 Qc6 42. g4 Rc1+ 43. Kg2 Rc4 44. Qb3 d5 45. Be5 Kh7 46. Ba1 Rf8 47. Qb2 d4 48. Kh2 Rc2 49. Qxd4 Rcxf2+ 50. Kg1 Rf1+ 51. Kg2 Qc2+ 52. Kg3 R8f3+ 53. Rxf3 Rxf3# 0-1


[Site "https://www.chess.com"]

[Event "Titled Tuesday Blitz January 17 Late 2023"]
[White "Quispe Arteaga, Gabriel"]
[Black "Klose, Eli"]
[WhiteFideId "32059809"]
[BlackFideId "16242955"]
[WhiteElo "2381"]
[BlackElo "1519"]
[Result "1-0"]
[Round "08"]
[TimeControl "180+2"]
[Date "2023.01.17"]
[WhiteClock "0:00:33"]
[BlackClock "0:00:06"]

1. c4 Nf6 2. Nc3 c5 3. Nf3 Nc6 4. d4 cxd4 5. Nxd4 d6 6. g3 g6 7. Bg2 Bd7 8. O-O Bg7 9. h3 O-O 10. Be3 Qa5 11. Qd2 Qh5 12. h4 Ng4 13. Nxc6 Bxc6 14. Bd4 Bxg2 15. Kxg2 Nf6 16. Rac1 Rfc8 17. Bxf6 Bxf6 18. Nd5 Qe5 19. b3 Rc6 20. Qd3 Rac8 21. f4 Qe6 22. f5 gxf5 23. Rxf5 Be5 24. Rh5 h6 25. Rf1 Re8 26. Qe3 Kg7 27. Rhf5 Rf8 28. Qxa7 Ra6 29. Qxb7 Rxa2 30. Qxe7 Rxe2+ 31. R1f2 Qxf5 32. Rxe2 Qg4 33. Rxe5 dxe5 34. Qxe5+ f6 35. Qe7+ Rf7 36. Qe3 Qf5 37. Nf4 Rd7 38. Nd5 Qc2+ 39. Kh3 Qf5+ 40. g4 Qf1+ 41. Kg3 Rf7 42. Nf4 f5 43. g5 hxg5 44. hxg5 Kg8 45. g6 Rf8 46. Qe6+ Kg7 47. Qe7+ Kg8 48. Qh7# 1-0


[Site "https://www.chess.com"]

[Event "Titled Tuesday Blitz January 17 Late 2023"]
[White "Bikuzhin, Maksim"]
[Black "Yedidia, Daniel"]
[WhiteFideId "24128015"]
[BlackFideId "30905907"]
[WhiteElo "2279"]
[BlackElo "2041"]
[Result "1-0"]
[Round "08"]
[TimeControl "180+2"]
[Date "2023.01.17"]
[WhiteClock "0:00:30"]
[BlackClock "0:00:04"]

1. e4 e5 2. Nf3 Nc6 3. Bc4 Nf6 4. Ng5 d5 5. exd5 Na5 6. Bb5+ c6 7. dxc6 bxc6 8. Bd3 Nd5 9. Ne4 Nf4 10. Bf1 f5 11. Nec3 Bc5 12. d3 O-O 13. g3 Ne6 14. Bg2 Rb8 15. O-O Qe8 16. Nd2 Nb7 17. Nb3 Bb6 18. Be3 Nd4 19. Qd2 Qg6 20. f4 Nxb3 21. axb3 exf4 22. Bxb6 axb6 23. Qxf4 Bd7 24. Rae1 Nc5 25. Qc4+ Kh8 26. d4 Be6 27. Qe2 Ne4 28. Nxe4 fxe4 29. Qxe4 Bf5 30. Qf4 h6 31. c4 Rbd8 32. Rf2 Rf6 33. Qd2 Rdf8 34. Rf4 Bd7 35. Rxf6 Rxf6 36. b4 Qf7 37. d5 cxd5 38. Bxd5 Qh5 39. b5 Bg4 40. Qe3 Bf5 41. b4 Kh7 42. c5 bxc5 43. bxc5 Bg6 44. Bg2 Rf5 45. Rc1 Re5 46. Qd4 Qg5 47. Qf4 Rxc5 48. Qxg5 Rxg5 49. b6 Rb5 50. b7 h5 51. Rc8 Rb1+ 52. Kf2 Rb2+ 53. Ke1 1-0


[Site "https://www.chess.com"]

[Event "Titled Tuesday Blitz January 17 Late 2023"]
[White "Kavutskiy, Konstantin"]
[Black "Pakleza, Zbigniew"]
[WhiteFideId "2026384"]
[BlackFideId "1119290"]
[WhiteElo "2414"]
[BlackElo "2494"]
[Result "0-1"]
[Round "08"]
[TimeControl "180+2"]
[Date "2023.01.17"]
[WhiteClock "0:00:09"]
[BlackClock "0:00:11"]

1. d4 d6 2. e4 Nf6 3. Nc3 c6 4. Nf3 Bg4 5. Be2 e6 6. O-O d5 7. e5 Nfd7 8. a4 c5 9. Bg5 Qa5 10. Nd2 Bxe2 11. Nxe2 Nc6 12. Nb3 Qc7 13. c3 Be7 14. Qd2 O-O 15. Ng3 Rfc8 16. Bxe7 Nxe7 17. Nh5 cxd4 18. cxd4 Qc2 19. Qxc2 Rxc2 20. Na5 Nc6 21. Nxb7 Nxd4 22. Rfe1 Rxb2 23. Rab1 Rxb1 24. Rxb1 Nxe5 25. Nd6 Nc4 26. Nxc4 dxc4 27. Nf4 g5 28. Nh5 c3 29. Kf1 c2 30. Rc1 Rc8 31. Nf6+ Kg7 32. Nh5+ Kg6 0-1


[Site "https://www.chess.com"]

[Event "Titled Tuesday Blitz January 17 Late 2023"]
[White "Rosen, Eric"]
[Black "Makridis, Dimitrios"]
[WhiteFideId "2032562"]
[BlackFideId "25864475"]
[WhiteElo "2349"]
[BlackElo "2356"]
[Result "1-0"]
[Round "08"]
[TimeControl "180+2"]
[Date "2023.01.17"]
[WhiteClock "0:00:06"]
[BlackClock "0:00:09"]

1. d4 Nf6 2. Bf4 c5 3. dxc5 Qa5+ 4. c3 Qxc5 5. Nf3 Nc6 6. Nbd2 d5 7. e3 g6 8. Be2 Bg7 9. O-O O-O 10. Nb3 Qb6 11. Ne5 Nxe5 12. Bxe5 Be6 13. Qd4 Qxd4 14. cxd4 Nd7 15. Bg3 Bf5 16. Rac1 Rfc8 17. f3 e5 18. Rfd1 e4 19. Kf2 Bf8 20. Bf4 h5 21. h3 exf3 22. Bxf3 Nf6 23. Nc5 b6 24. Na4 Ne4+ 25. Ke2 f6 26. Nc3 Nxc3+ 27. Rxc3 Be4 28. Rdc1 Re8 29. Rc7 g5 30. Bh2 Re6 31. Bxh5 Re7 32. Rxe7 Bxe7 33. Rc7 Kf8 34. Bf3 f5 35. Be5 a5 36. a4 Rd8 37. g4 Bd6 38. Bxd6+ Rxd6 39. Bxe4 fxe4 40. Rh7 Rc6 41. Kd2 Rf6 42. Rh5 Rf2+ 43. Kc1 Re2 44. Rxg5 Rxe3 45. Rxd5 Rxh3 46. Rd6 Rd3 47. d5 Ke7 48. Re6+ Kf7 49. Rxe4 Rxd5 50. Kc2 Kf6 51. Kc3 Rc5+ 52. Rc4 Re5 53. Rc6+ Kg5 54. Rxb6 Kxg4 55. Rb5 Re3+ 56. Kd2 Re4 57. Rxa5 Kf4 58. Kc3 Re3+ 59. Kb4 Ke4 60. b3 Re1 61. Rc5 Kd4 62. Rc2 Re8 63. Rd2+ Ke3 64. Rd1 Rb8+ 65. Ka3 Ke2 66. Rd7 Ke3 67. b4 Ke4 68. a5 Ke5 69. Rd1 Ke6 70. Ka4 Rg8 71. a6 Rg2 72. Kb5 Ra2 73. Kb6 Ra4 74. b5 Rc4 75. Kb7 Rd4 76. Rxd4 1-0


[Site "https://www.chess.com"]

[Event "Titled Tuesday Blitz January 17 Late 2023"]
[White "Ismagilov, Damir"]
[Black "Riehle, Marco"]
[WhiteFideId "34199982"]
[BlackFideId "12904392"]
[WhiteElo "2156"]
[BlackElo "2368"]
[Result "0-1"]
[Round "08"]
[TimeControl "180+2"]
[Date "2023.01.17"]
[WhiteClock "0:00:23"]
[BlackClock "0:02:21"]

1. e4 e5 2. Nf3 Nf6 3. Nc3 Nc6 4. a4 Bc5 5. Nxe5 O-O 6. Nd3 Bd4 7. Be2 Re8 8. O-O Nxe4 9. Bf3 d5 10. Nf4 Nb4 11. Nfxd5 Nxf2 12. Rxf2 Qh4 13. g3 Bxf2+ 14. Kxf2 Qxh2+ 15. Bg2 Bh3 16. Qf3 Nxc2 17. Nf4 Bxg2 18. Nxg2 Nxa1 19. Nd5 Qh1 20. Qg4 Qxc1 21. Nf6+ Kh8 22. Qf5 Qxd2+ 23. Kg1 Qd4+ 24. Kh2 Qxf6 25. Qxf6 gxf6 0-1


[Site "https://www.chess.com"]

[Event "Titled Tuesday Blitz January 17 Late 2023"]
[White "Sebag, Marie"]
[Black "Kobalia, Mikhail"]
[WhiteFideId "617822"]
[BlackFideId "4119150"]
[WhiteElo "2430"]
[BlackElo "2578"]
[Result "1-0"]
[Round "08"]
[TimeControl "180+2"]
[Date "2023.01.17"]
[WhiteClock "0:00:39"]
[BlackClock "0:00:01"]

1. e4 c5 2. Nf3 e6 3. d4 cxd4 4. Nxd4 Nc6 5. Nc3 a6 6. Be3 Nf6 7. Be2 d6 8. O-O Bd7 9. f4 Nxd4 10. Bxd4 Bc6 11. Bd3 Be7 12. Kh1 O-O 13. Qe1 b5 14. Qg3 Qb8 15. Rae1 b4 16. Nd1 Qb7 17. Nf2 Rfe8 18. e5 Nh5 19. Qh3 g6 20. Ng4 dxe5 21. fxe5 Bg5 22. Be3 Qe7 23. Nf6+ Bxf6 24. exf6 Qd6 25. Be2 Qd5 26. Bf3 Qb5 27. a4 bxa3 28. c4 Qxc4 29. Rc1 Qxf1+ 30. Rxf1 Bxf3 31. Qxf3 axb2 32. g4 Rab8 33. Rb1 Rec8 34. gxh5 Rc2 35. Qf4 1-0


[Site "https://www.chess.com"]

[Event "Titled Tuesday Blitz January 17 Late 2023"]
[White "Nasuta, Grzegorz"]
[Black "Martynov, Pavel"]
[WhiteFideId "1141686"]
[BlackFideId "4101260"]
[WhiteElo "2552"]
[BlackElo "2414"]
[Result "1-0"]
[Round "08"]
[TimeControl "180+2"]
[Date "2023.01.17"]
[WhiteClock "0:00:13"]
[BlackClock "0:00:12"]

1. e4 c5 2. Nf3 e6 3. d4 cxd4 4. Nxd4 Nc6 5. Nc3 Qc7 6. Be3 a6 7. a3 Nf6 8. f4 d6 9. Qf3 Be7 10. O-O-O Nxd4 11. Bxd4 e5 12. fxe5 dxe5 13. Qg3 Nh5 14. Qxe5 Qxe5 15. Bxe5 O-O 16. Be2 Nf6 17. Bf3 Re8 18. Bg3 Bg4 19. Kb1 b5 20. Rd3 Rac8 21. e5 Bxf3 22. exf6 Bxg2 23. Rg1 Bxf6 24. Rxg2 h5 25. Nd5 Bd8 26. Bf4 f6 27. Bd2 Kf7 28. Bc3 Rc6 29. Ka2 h4 30. h3 g5 31. Rf2 Ree6 32. Kb3 a5 33. Ka2 Kg6 34. Nf4+ gxf4 35. Rxd8 Re4 36. Rg8+ Kf7 37. Rg4 b4 38. axb4 axb4 39. Bd2 Rxc2 40. Kb3 Rcc4 41. Rgxf4 Rcd4 42. Rxf6+ Kg7 43. R6f3 Kh7 44. Bg5 Kg6 45. Bf6 Rc4 46. Bd8 Rcd4 47. Bb6 Rc4 48. Re3 Rxe3+ 49. Bxe3 Re4 50. Bc5 Re1 51. Rf3 Kg5 52. Bxb4 Rg1 53. Bc3 Rg3 54. Rxg3+ hxg3 55. Kc4 Kh4 56. Bd4 Kxh3 57. b4 g2 58. b5 Kg4 59. b6 Kf3 60. b7 Kg4 61. b8=Q Kh3 62. Qh8+ Kg4 63. Qg7+ Kf3 64. Qf6+ Ke2 65. Qg5 Kf1 66. Qf4+ Ke2 67. Qf2+ Kd1 68. Be3 g1=Q 69. Qd2# 1-0


[Site "https://www.chess.com"]

[Event "Titled Tuesday Blitz January 17 Late 2023"]
[White "Vakhlamov, Igor L."]
[Black "Cori T., Deysi"]
[WhiteFideId "24126748"]
[BlackFideId "3801934"]
[WhiteElo "2413"]
[BlackElo "2362"]
[Result "0-1"]
[Round "08"]
[TimeControl "180+2"]
[Date "2023.01.17"]
[WhiteClock "0:00:01"]
[BlackClock "0:00:08"]

1. e4 e6 2. d4 d5 3. Nc3 a6 4. Nf3 Nf6 5. Bd3 c5 6. exd5 Nxd5 7. Nxd5 Qxd5 8. dxc5 Bxc5 9. O-O O-O 10. Qe2 Nc6 11. Rd1 Qh5 12. Qe4 e5 13. h3 Nd4 14. Be2 Nxe2+ 15. Qxe2 Bf5 16. Qxe5 Rac8 17. c3 Rfe8 18. Qg3 Be4 19. Bf4 Rc6 20. Qg4 Bxf3 21. Qxf3 Qxf3 22. gxf3 Rf6 23. Bg3 h5 24. Kg2 Rg6 25. h4 Re2 26. b4 Rxf2+ 27. Kh1 Rxg3 28. bxc5 Rfxf3 29. Rab1 Rh3+ 30. Kg2 Rfg3+ 31. Kf2 Rf3+ 32. Kg2 Rxc3 33. Rxb7 Rxh4 34. Rd8+ Kh7 35. Rd5 Rg4+ 36. Kf2 Kg6 37. Rd6+ f6 38. c6 Rgc4 39. Rdd7 Rc2+ 40. Ke3 Kf5 41. Rxg7 Rxc6 42. Rh7 Rxa2 43. Rxh5+ Kg6 44. Rbh7 Ra3+ 45. Kd4 Ra4+ 46. Kd3 Rf4 47. R7h6+ Kf7 48. Rh7+ Ke6 49. Ra5 Rd6+ 50. Ke3 Rb4 51. Rh8 Rb5 52. Ra4 Rc6 53. Re8+ Kf7 54. Ra8 Rb3+ 55. Kf4 Rbb6 56. Ra7+ Kg6 57. Ra8 Rd6 58. Rg8+ Kf7 59. Ra8 Re6 60. Kf5 Re5+ 61. Kf4 Ree6 62. Kf5 Rb5+ 63. Kf4 Rb1 64. R8xa6 Rf1+ 65. Kg3 Re8 66. Ra7+ Kg6 67. Rg4+ Kf5 68. Ra5+ Re5 69. Rga4 Rg1+ 70. Kf3 Rg8 71. Rf4+ Ke6 72. Ra6+ Kd5 73. Rfxf6 Rge8 74. Rfd6+ Kc5 75. Rac6+ Kb5 76. Rc3 Rf5+ 77. Kg4 Rf1 78. Rdc6 Rg8+ 79. Kh3 Rh1# 0-1


[Site "https://www.chess.com"]

[Event "Titled Tuesday Blitz January 17 Late 2023"]
[White "Yuan, Qingyu"]
[Black "Ibadov, Dashgyn"]
[WhiteFideId "8609772"]
[BlackFideId "24107514"]
[WhiteElo "2373"]
[BlackElo "2391"]
[Result "1-0"]
[Round "08"]
[TimeControl "180+2"]
[Date "2023.01.17"]
[WhiteClock "0:00:08"]
[BlackClock "0:00:02"]

1. e4 e5 2. Nf3 Nc6 3. Bb5 a6 4. Ba4 Nf6 5. d3 b5 6. Bb3 Bc5 7. Nc3 d6 8. Nd5 h6 9. c3 Rb8 10. h3 Nxd5 11. Bxd5 Ne7 12. Bb3 Ng6 13. O-O Bb6 14. a4 O-O 15. Be3 Qf6 16. axb5 axb5 17. Re1 Nf4 18. Bxf4 Qxf4 19. Rf1 Kh7 20. Qd2 Qf6 21. Kh2 Qe7 22. d4 f5 23. Bc2 f4 24. dxe5 dxe5 25. Qd5 Re8 26. Qxb5 Bb7 27. Rad1 Qf6 28. Qd7 Bc6 29. Qf5+ Qxf5 30. exf5 e4 31. Ng1 Re5 32. Ne2 Rxf5 33. f3 Re5 34. Nxf4 Rf8 35. Ne2 Kh8 36. fxe4 Rxf1 37. Rxf1 Bxe4 38. Bxe4 Rxe4 39. Ng3 Re3 40. Nf5 Rd3 41. Kh1 Rd2 42. Rb1 Kg8 43. Ng3 Kf7 44. Ne4 Re2 45. Ng3 Rd2 46. Nf1 Rf2 47. Nh2 h5 48. Nf3 g6 49. Kh2 Kf6 50. Kg3 Re2 51. h4 Bc5 52. b4 Bd6+ 53. Kh3 Kf5 54. Rd1 Rc2 55. Nd4+ Ke4 56. Nxc2 Bf4 57. Rd4+ Kf5 58. Ne1 Be5 59. Rc4 Ke6 60. Nf3 Bd6 61. Rc6 Kd5 62. b5 Bf4 63. c4+ Ke4 64. Rxg6 1-0


[Site "https://www.chess.com"]

[Event "Titled Tuesday Blitz January 17 Late 2023"]
[White "Sowa, Ryan"]
[Black "Sokolovsky, Yahli"]
[WhiteFideId "30901693"]
[BlackFideId "2820242"]
[WhiteElo "2073"]
[BlackElo "2461"]
[Result "1-0"]
[Round "08"]
[TimeControl "180+2"]
[Date "2023.01.17"]
[WhiteClock "0:00:24"]
[BlackClock "0:00:03"]

1. Nf3 d5 2. b3 Bg4 3. e3 e5 4. h3 Bxf3 5. Qxf3 Nf6 6. d4 e4 7. Qd1 Bd6 8. c4 c6 9. Qd2 O-O 10. Ba3 Bxa3 11. Nxa3 Ne8 12. Be2 f5 13. O-O-O Nd7 14. g3 a5 15. Kb2 Qe7 16. cxd5 cxd5 17. Rc1 Nb8 18. Rc5 Nf6 19. Rxa5 Nc6 20. Rxa8 Rxa8 21. Nc2 h5 22. h4 g6 23. Qc3 Kh7 24. Qc5 Qc7 25. Rc1 Ra5 26. Qc3 Qd6 27. a4 Ra8 28. Qc5 Qe6 29. Nb4 Ne7 30. Qc7 b6 31. Nc6 Re8 32. Bb5 Ng8 33. Nd8 Qf7 34. Bxe8 Qxe8 35. Nc6 Qf7 36. Nxe7 Nxe7 37. Qd7 Kg7 38. Rc7 Kf8 39. Qd8+ Qe8 40. Qxe8+ Kxe8 41. Rb7 f4 42. Rxe7+ Kxe7 43. exf4 Kd6 44. b4 Kc6 45. Kc3 Kd6 46. Kd2 Ke6 47. Ke3 Kd6 48. f3 exf3 49. Kxf3 Ke6 50. g4 Kf6 51. a5 bxa5 52. bxa5 1-0


[Site "https://www.chess.com"]

[Event "Titled Tuesday Blitz January 17 Late 2023"]
[White "Leitao, Rafael"]
[Black "Jovic, Stanoje"]
[WhiteFideId "2101246"]
[BlackFideId "905020"]
[WhiteElo "2592"]
[BlackElo "2075"]
[Result "1-0"]
[Round "08"]
[TimeControl "180+2"]
[Date "2023.01.17"]
[WhiteClock "0:00:48"]
[BlackClock "0:00:25"]

1. c4 e5 2. Nc3 Nf6 3. Nf3 Nc6 4. e4 Bc5 5. Nxe5 Nxe5 6. d4 Bb4 7. dxe5 Nxe4 8. Qf3 d5 9. Be2 O-O 10. O-O Bxc3 11. bxc3 f5 12. Rd1 c6 13. cxd5 cxd5 14. c4 Be6 15. cxd5 Bxd5 16. Qe3 Qa5 17. Bb2 Bc6 18. f3 Nc5 19. e6 Na4 20. e7 Rfe8 21. Bc4+ 1-0


[Site "https://www.chess.com"]

[Event "Titled Tuesday Blitz January 17 Late 2023"]
[White "Haszon, David"]
[Black "Nazari, Arad"]
[WhiteFideId "733610"]
[BlackFideId "12577324"]
[WhiteElo "2264"]
[BlackElo "2367"]
[Result "0-1"]
[Round "08"]
[TimeControl "180+2"]
[Date "2023.01.17"]
[WhiteClock "0:00:08"]
[BlackClock "0:00:05"]

1. d4 Nf6 2. Bf4 e6 3. e3 c5 4. c3 cxd4 5. exd4 d6 6. Bd3 Be7 7. Nf3 O-O 8. O-O b6 9. Re1 Bb7 10. Nbd2 Re8 11. Nf1 Nbd7 12. Ng3 a6 13. a4 Nf8 14. Ng5 Nd5 15. Nh3 Nxf4 16. Nxf4 Ng6 17. Nxg6 hxg6 18. Qg4 Bh4 19. Rad1 Qg5 20. Qh3 Qf4 21. Rf1 e5 22. Qd7 Bd5 23. Qxd6 Bb3 24. Ne2 Qf6 25. Qxf6 Bxf6 26. Ra1 exd4 27. Nxd4 Bxd4 28. cxd4 a5 29. Bb5 Red8 30. Rfe1 Rxd4 31. Re3 Rb4 32. h3 Rd8 33. Re2 Rdd4 34. Rc1 Bxa4 35. Rc8+ Kh7 36. Ree8 g5 37. Rh8+ Kg6 38. Rc6+ f6 39. Bxa4 Rxa4 40. Rxb6 Rd1+ 41. Kh2 Rd2 42. Kg3 Rf4 43. f3 Rc4 44. h4 gxh4+ 45. Rxh4 Rxh4 46. Kxh4 Rxg2 47. Kh3 Rg5 48. Rb7 Kf5 49. Rb3 Kf4 50. Ra3 g6 51. Kh2 Re5 52. Ra4+ Kxf3 53. Rh4 g5 54. Rh6 f5 55. Rf6 f4 56. Kg1 g4 57. Kf1 g3 58. Rg6 Rb5 59. Ke1 Rxb2 60. Rg5 a4 61. Kd1 a3 62. Kc1 Rf2 63. Kb1 a2+ 64. Ka1 Rf1+ 65. Kxa2 g2 0-1


[Site "https://www.chess.com"]